 Dungeon Crawl Stone Soup version 0.31-a0-704-g1016066182 (webtiles) character file.

Game seed: 16504473342021880509

4657 Ordine the Grappler (level 10, -1/67 (68) HPs)
             Began as an Octopode Shapeshifter on Sept 9, 2023.
             Was a Priest of Dithmenos.
             Slain by a hornet (6 damage)
             ... on level 9 of the Dungeon.
             The game lasted 00:13:03 (9185 turns).

Ordine the Grappler (Octopode Shapeshifter)         Turns: 9185, Time: 00:13:04

HP:   -1/67 (68)    AC:  2    Str: 18    XL:     10   Next: 43%
MP:   0/10          EV: 15    Int: 13    God:    Dithmenos [***...]
Gold: 393           SH:  0    Dex: 11    Spells: 9/9 levels left

rFire   . .          .
                       - Unarmed
rCold   . . .        (no shield)
rNeg    + . .        (helmet currently unavailable)
rPois   .            j - amulet of guardian spirit
rElec   .            I - ring of positive energy
rCorr   .            (no ring)
SInv    .            (no ring)
Will    +....        (no ring)
Stlth   ++++++       (no ring)
HPRegen 0.31/turn    (no ring)
MPRegen 0.12/turn    (no ring)
                     (no ring)

%: clarity, guardian spirit
@: mighty, beast-form, slowed, wreathed by umbra, lightly drained, very slow
A: beast (slay +3), almost no armour, amphibious, 8 rings, camouflage 1,
gelatinous body 1, (nimble swimmer 1), tentacles, clarity, strong-willed 1,
shaggy fur 1
a: Begin Untransformation, Renounce Religion, Shadow Step


You were on level 9 of the Dungeon.
You worshipped Dithmenos.
Dithmenos was most pleased with you.
You were a hulking beast.
You visited 2 branches of the dungeon, and saw 10 of its levels.

You collected 393 gold pieces.

Inventory:

Hand Weapons
 v - the +5 woodcutter's axe
   (You found it on level 3 of the Dungeon)
Jewellery
 j - an amulet of guardian spirit (around mantle)
 G - an amulet of regeneration
 I - a ring of positive energy (left tentacle)
Talismans
 b - a beast talisman (active)
 c - a flux talisman
Wands
 a - a wand of mindburst (14)
 o - a wand of charming (4)
 y - a wand of flame (14)
 H - a wand of light (19)
Scrolls
 e - a scroll of silence {unknown}
 g - 5 scrolls of amnesia {unknown}
 h - 2 scrolls of blinking {unknown}
 m - 2 scrolls of revelation {unknown}
 n - 4 scrolls of identify {unknown}
 p - a scroll of vulnerability {unknown}
 r - a scroll of torment {unknown}
 t - 2 scrolls of teleportation {unknown}
 u - a scroll of enchant armour {unknown}
 A - 3 scrolls of poison {unknown}
 B - 3 scrolls of butterflies {unknown}
 C - 2 scrolls of noise {unknown}
 E - a scroll of immolation {unknown}
 F - a scroll of fog {unknown}
Potions
 d - a potion of resistance {unknown}
 f - a potion of mutation
 i - 2 potions of curing
 k - 2 potions of haste {unknown}
 l - 2 potions of heal wounds {unknown}
 q - a potion of magic {unknown}
 s - 2 potions of brilliance {unknown}
 w - 2 potions of enlightenment {unknown}
 x - 2 potions of might
 z - a potion of lignification
 D - a potion of degeneration {unknown}
 J - a potion of ambrosia {unknown}
 K - a potion of attraction {unknown}


   Skills:
 + Level 6.2 Fighting
 + Level 6.4 Dodging
 + Level 8.5 Stealth
 * Level 9.3 Unarmed Combat
 + Level 6.2 Shapeshifting


You had 9 spell levels left.
You didn't know any spells.
Your spell library contained the following spells:

 Spells                   Type           Power      Damage    Failure   Level
 Apportation              Tloc           0%         N/A       30%         1
 Necrotise                Necr           0%         1d4       30%         1
 Slow                     Hex            0%         N/A       30%         1
 Summon Small Mammal      Summ           0%         N/A       30%         1
 Ensorcelled Hibernation  Hex/Ice        0%         N/A       43%         2
 Passwall                 Tmut/Erth      0%         N/A       43%         2
 Confusing Touch          Hex            0%         N/A       67%         3
 Sigil of Binding         Hex            0%         N/A       67%         3
 Stone Arrow              Conj/Erth      0%         3d7       67%         3
 Summon Guardian Golem    Hex/Summ       0%         N/A       67%         3
 Swiftness                Air            0%         N/A       67%         3
 Vampiric Draining        Necr           0%         2d6       67%         3
 Passage of Golubria      Tloc           0%         N/A       97%         4
 Silence                  Hex/Air        0%         N/A       100%        5
 Orb of Destruction       Conj           0%         9d5       100%        7
 Spellforged Servitor     Conj/Summ      0%         N/A       100%        7
 Lehudib's Crystal Spear  Conj/Erth      0%         10d2      100%        8
 Animate Armour           Summ/Erth      Unusable   N/A       N/A         4

Dungeon Overview and Level Annotations

Branches:
Dungeon (9/15)             Temple (1/1) D:6
   Lair: D:8-11         Orc: D:9-12

Altars:
Ashenzari
Cheibriados
Dithmenos
Elyvilon
Fedhas
Gozag
Hepliaklqana
Kikubaaqudgha
Makhleb
Nemelex Xobeh
Okawaru
Qazlal
Ru
Sif Muna
Trog
Uskayaw
Vehumet
Wu Jian
Xom
Yredelemnul
Zin
The Shining One


Innate Abilities, Weirdness & Mutations

You are a hulking beast.
Your limbs bulge with bestial killing power. (Slay +3)
You cannot wear most types of armour.
You are amphibious.
You can wear up to eight rings at the same time.
Your skin changes colour to match your surroundings (Stealth+).
Your rubbery body absorbs attacks. (AC +1, EV +1)
((You are camouflaged when in or above water. (Stealth+)))
You have tentacles for arms and can constrict up to eight enemies at once.
You possess an exceptional clarity of mind.
You are strong-willed. (Will+)
You are covered in fur. (AC +1)


Message History

The orc warrior hits you with a +0 dire flail.
You tentacle-slap the orc warrior but do no damage.
The orc warrior is almost dead.
You constrict the orc warrior, but do no damage.
The hornet stings you!
You feel yourself slow down. The orc warrior barely misses you.
You closely miss the hornet. Your grab misses the hornet.
You constrict the orc warrior!
You kill the orc warrior!
Dithmenos accepts your kill. The hornet stings you.
You feel as though you will be slow longer.
The hornet stings you!
* * * LOW HITPOINT WARNING * * *
You suddenly lose the ability to move!
You can move again.
Okay, then.
You feel very mighty all of a sudden. The hornet misses you.
You hear some strange, mumbled words.
A puff of flame appears from out of thin air!
The puff of flame misses you. The hornet barely misses you. Something hits you.
* * * LOW HITPOINT WARNING * * *
You feel better. The hornet closely misses you. The hornet stings you!
* * * LOW HITPOINT WARNING * * *
You feel as though you will be slow longer.
Something hits you.
* * * LOW HITPOINT WARNING * * *
The orc warrior closely misses you.
You bludgeon the hornet! You grab the hornet. Your squeeze misses the hornet.
The hornet is moderately wounded.
You constrict the hornet, but do no damage.
The hornet completely misses you. Something hits you.
* * * LOW HITPOINT WARNING * * *
The orc warrior closely misses you.
The hornet stings you but does no damage.
You bludgeon the hornet!
The hornet is heavily wounded.
You constrict the hornet. The hornet stings you!
You die...

#.. #.# #.# ###
### #.# .... ..
#.# .8....
.#...#. ####.#
......+
......o####.#..#
......#
......oo{h.#...##
.....+
......o##y###...#
#...##
)#:..#.#.##
##).###8...8#
.... ..##
##.#...##...##.
.## ##.
#..............
#.
#.########...>##
#. ## ##.#.### ..
########.#......
#.....#.##.##...


You could see a hornet, an orc warrior, an orc priest and 2 orcs.

Vanquished Creatures
  Sigmund (D:3)
  2 wyverns
  A wraith (D:8)
  A vampire (D:5)
  A steam dragon (D:8)
  4 water moccasins
  3 orc warriors
  A sky beast (D:8)
  3 ice beasts
  A black bear (D:4)
  3 ogres
  3 kobold brigands
  3 bullfrogs
  4 gnoll sergeants
  5 scorpions
  8 wights
  A howler monkey (D:7)
  5 jellies
  2 hounds
  Crazy Yiuf (D:3)
  6 orc priests
  4 iguanas
  3 orc wizards
  2 sleepcaps
  19 gnolls
  7 adders
  A white imp (D:7)
  An ufetubus (D:6)
  2 dart slugs
  3 worms
  21 orcs
  5 bats
  5 endoplasms
  2 giant cockroaches
  7 goblins
  7 hobgoblins
  8 jackals
  3 quokkas
  6 ball pythons
  4 frilled lizards
  16 kobolds
  6 rats
191 creatures vanquished.

Notes
Turn   | Place    | Note
-------+----------+-------------------------------------------
     0 | D:1      | Ordine the Octopode Shapeshifter began the quest for the
                  | Orb.
     0 | D:1      | Reached XP level 1. HP: 13/13 MP: 1/1
   108 | D:1      | Reached XP level 2. HP: 9/18 MP: 2/2
   113 | D:1      | Reached skill level 1 in Stealth
   529 | D:1      | Reached XP level 3. HP: 21/23 MP: 3/3
  1565 | D:2      | Reached XP level 4. HP: 24/29 MP: 2/4
  2275 | D:3      | Found an opulent altar of Gozag.
  2277 | D:3      | Found a broken altar of Ashenzari.
  2335 | D:3      | Reached skill level 4 in Unarmed Combat
  2471 | D:3      | Found a hazy altar of Hepliaklqana.
  2473 | D:3      | Noticed Sigmund
  2500 | D:3      | HP: 2/43 [something/magic dart (8)]
  2501 | D:3      | Killed Sigmund
  2502 | D:3      | Reached XP level 5. HP: 2/35 MP: 0/5
  2502 | D:3      | Reached XP level 6. HP: 3/41 MP: 0/6
  2764 | D:3      | Found a faded altar of an unknown god.
  2778 | D:3      | HP: 2/41 [rat (2)]
  2779 | D:3      | Gained mutation: Your magical capacity is low. (-10% MP)
                  | [potion of mutation]
  2779 | D:3      | Gained mutation: Your magical capacity is very low. (-20%
                  | MP) [potion of mutation]
  2779 | D:3      | Gained mutation: You have a beak for a mouth. [potion of
                  | mutation]
  2779 | D:3      | Gained mutation: You are covered in fur. (AC +1) [potion of
                  | mutation]
  2785 | D:3      | Lost mutation: You have a beak for a mouth. [potion of
                  | mutation]
  2785 | D:3      | Lost mutation: Your magical capacity is very low. (-20% MP)
                  | [potion of mutation]
  2785 | D:3      | Lost mutation: Your magical capacity is low. (-10% MP)
                  | [potion of mutation]
  2785 | D:3      | Gained mutation: You are strong-willed. (Will+) [potion of
                  | mutation]
  2785 | D:3      | Gained mutation: You possess an exceptional clarity of
                  | mind. [potion of mutation]
  2952 | D:3      | Found a large runed translucent door.
  2953 | D:3      | Found a large runed translucent door.
  3237 | D:3      | Found the +5 woodcutter's axe
  3408 | D:3      | Found a runed translucent door.
  3409 | D:3      | Noticed Crazy Yiuf
  3417 | D:3      | Killed Crazy Yiuf
  3418 | D:3      | Reached skill level 5 in Unarmed Combat
  3418 | D:3      | Reached XP level 7. HP: 6/45 MP: 0/7
  3659 | D:3      | Found a shadowy altar of Dithmenos.
  3667 | D:3      | Found a burning altar of Makhleb.
  3676 | D:3      | Became a worshipper of Dithmenos the Shadowed
  3877 | D:4      | Found a blossoming altar of Fedhas.
  4327 | D:4      | Reached XP level 8. HP: 42/53 MP: 5/8
  4566 | D:5      | Entered Level 5 of the Dungeon
  4566 | D:5      | Found a shimmering altar of Xom.
  4737 | D:5      | Reached skill level 5 in Stealth
  4737 | D:5      | Reached skill level 6 in Unarmed Combat
  4870 | D:5      | Found an ancient bone altar of Kikubaaqudgha.
  4926 | D:5      | Reached * piety under Dithmenos
  5125 | D:5      | Found an ornate altar of the Wu Jian Council.
  5478 | D:5      | Noticed a vampire
  5490 | D:5      | Killed a vampire
  5731 | D:6      | Reached skill level 7 in Unarmed Combat
  5845 | D:6      | Reached XP level 9. HP: 50/59 MP: 6/9
  5951 | D:6      | Found an iron altar of Okawaru.
  5959 | D:6      | Reached skill level 5 in Shapeshifting
  6032 | D:6      | Found a staircase to the Ecumenical Temple.
  6040 | Temple   | Entered the Ecumenical Temple
  6048 | D:6      | Reached skill level 5 in Dodging
  6662 | D:7      | Reached skill level 5 in Fighting
  6966 | D:7      | Reached skill level 8 in Unarmed Combat
  7390 | D:7      | Reached ** piety under Dithmenos
  7811 | D:8      | Reached XP level 10. HP: 68/68 MP: 10/10
  8322 | D:8      | Reached skill level 9 in Unarmed Combat
  8416 | D:8      | Found a basalt altar of Yredelemnul.
  8996 | D:9      | Reached *** piety under Dithmenos
  9181 | D:9      | Paralysed by a hornet for 1 turns
  9185 | D:9      | Slain by a hornet

Illustrated notes

Levels and vault maps discovered:
D:1:      dpeg_arrival_rooms_c, layout_basic, st_stairs_12,
          minmay_misc_feat_doors
D:2:      layout_loops_ring, kennysheep_generic_room_8
D:3:      layout_rooms, nicolae_overflow_crystal_walls, jmf_multi_god_temple2,
          jmf_multi_god_temple, hellmonk_ecumenical_altar_heavens_door,
          grunt_ministairs_9, pf_guarded_unrand_woodcutter, uniq_sigmund,
          uniq_crazy_yiuf_cottage
D:4:      layout_cave_pools, fedhas_altar_4, serial_column_ruins,
          column_ruins_open_small, column_ruins_grid_3,
          column_ruins_open_tiny_water, column_ruins_columns_corner,
          column_ruins_columns_straight
D:5:      layout_gridville, mainiacjoe_overflow_surrounded_room,
          mainiacjoe_overflow_tiny_flanked, nicolae_wu_jian_wuxing_cycle,
          nicolae_nh_ransacked_shop
D:6:      layout_basic, okawaru_gym_becter, minmay_temple_entry_steel_oval
D:7:      layout_basic
D:8:      layout_cave_pools, mainiacjoe_overflow_brackets,
          minmay_increasing_density
D:9:      cheibrodos_statue_roulette, layout_loops_cross, lair_entry_dummy,
          ebering_ghost_funeral_grove, kennysheep_generic_room_12, uniq_harold,
          uniq_maurice, uniq_amaemon
Temple:   nicolae_temple_ecumenical_triangle

Skill      XL: |  1  2  3  4  5  6  7  8  9 10 |
---------------+-------------------------------+-----
Stealth        | 1 2 3 4 6 7 8 |  8.5
Fighting       | 2 3 4 5 6 |  6.2
Unarmed Combat | 4 5 7 8 9 |  9.3
Dodging        | 3 4 5 6 |  6.4
Shapeshifting  | 4 5 6 |  6.2

Action                     |  1- 3 |  4- 6 |  7- 9 | 10-12 || total
---------------------------+-------+-------+-------+-------++-------
  Melee: Unarmed           |    76 |    80 |   243 |    73 ||   472
         Constrict         |    23 |    22 |    54 |    16 ||   115
         Tentacles         |     9 |    18 |    50 |    15 ||    92
         Punch             |     1 |     4 |    19 |     8 ||    32
         Peck              |       |     1 |       |       ||     1
    Use: Potion            |       |     3 |       |     6 ||     9
   Stab: Sleeping          |     9 |     4 |    27 |     5 ||    45
 Armour: Skin              |    24 |    53 |    97 |    56 ||   230
  Dodge: Dodged            |    53 |    46 |   152 |    59 ||   310

Table legend: (Time is in decaauts)
 A = Elapsed time spent in this place.
 B = Non-inter-level travel time spent in this place.
 C = Inter-level travel time spent in this place.
 D = Time resting spent in this place.
 E = Time spent auto-exploring this place.
 F = Levels seen in this place.
 G = Mean time per level.
                   A        B        C        D        E       F      G
               +--------+--------+--------+--------+--------+-----+--------+
         Total |   9134 |   8449 |    685 |    316 |   6918 |  10 |  913.4 |
       Dungeon |   9132 |   8447 |    685 |    316 |   6918 |   9 | 1014.7 |
        Temple |      1 |      1 |      0 |      0 |      0 |   1 |    1.0 |
               +--------+--------+--------+--------+--------+-----+--------+

Top non-repeatable levels by time:
     D:3: 1737 daAuts
     D:8: 1332 daAuts
     D:7: 1094 daAuts
     D:5: 1082 daAuts
     D:1: 1067 daAuts
     D:2: 1010 daAuts
     D:4: 791 daAuts
     D:6: 761 daAuts
     D:9: 254 daAuts
  Temple: 1 daAuts
